 Dungeon Crawl Stone Soup version 0.22.1-6-g1668fe2c40 (webtiles) character file.

499 wew123314 the Skirmisher (level 6, -6/58 HPs)
             Began as a Minotaur Abyssal Knight on Jan 21, 2019.
             Was a Believer of Lugonu.
             Shot themself with an iceblast (7 damage)
             ... on level 4 of the Dungeon.
             The game lasted 00:13:46 (2503 turns).

wew123314 the Skirmisher (Minotaur Abyssal Knight)  Turns: 2503, Time: 00:13:47

Health: -6/58      AC: 12    Str: 14 (16) XL:     6   Next: 94%
Magic:  5/5        EV:  7    Int:  9      God:    Lugonu [**....]
Gold:   174        SH:  0    Dex: 11 (12) Spells: 5/5 levels left

rFire    . . .     SeeInvis .   e - +1 scythe
rCold    . . .     Gourm    .   (shield currently unavailable)
rNeg     + . .     Faith    .   i - +3 chain mail {rN+}
rPois    .         Spirit   .   (helmet restricted)
rElec    .         Reflect  .   (no cloak)
rCorr    .         Harm     .   o - +2 pair of gloves
MR       .....     Rnd*Rage +   (no boots)
Stlth    ..........             (no amulet)
HPRegen  0.19/turn              (no ring)
MPRegen  0.09/turn              (no ring)

@: no status effects
A: retaliatory headbutt, horns 2, berserk 1, deformed body, low mp 1, mutation
resistance 1
a: Depart the Abyss, Bend Space, Renounce Religion


You were on level 4 of the Dungeon.
You worshipped Lugonu.
Lugonu was pleased with you.
You were not hungry.

You visited 1 branch of the dungeon, and saw 4 of its levels.
You visited the Abyss 1 time.

You collected 174 gold pieces.

Inventory:

Hand Weapons
 b - a +0 mace
 e - a +1 scythe (weapon)
 j - a +0 hand axe
Armour
 i - a +3 chain mail of positive energy (worn)
 o - a +2 pair of gloves (worn)
Wands
 m - a wand of random effects (31)
Scrolls
 a - 3 scrolls of remove curse
 f - 3 scrolls of identify
 k - a scroll of amnesia
Potions
 h - a potion of ambrosia
Comestibles
 c - a ration


   Skills:
 + Level 6.4 Fighting
 + Level 2.6(3.4) Axes
 + Level 2.0(2.6) Maces & Flails
 + Level 2.2(2.9) Polearms
 + Level 5.2 Armour
 + Level 2.4 Dodging
 + Level 0.6 Stealth
 + Level 2.2 Invocations


You had 5 spell levels left.
You didn't know any spells.
Your spell library was empty.

Dungeon Overview and Level Annotations

Branches:
Dungeon (4/15)
 Temple: D:4-7

Altars:
Cheibriados
Fedhas
Qazlal
Xom
The Shining One


Innate Abilities, Weirdness & Mutations

You reflexively headbutt those who attack you in melee.
You have a pair of horns on your head.
You tend to lose your temper in combat.
Armour fits poorly on your strangely shaped body.
Your magical capacity is low. (-10% MP)
You are somewhat resistant to further mutation.


Message History

The orc wizard closely misses you. You furiously retaliate!
You headbutt the orc wizard. The gnoll barely misses you.
The orc wizard hits you with a dagger.
* * * LOW HITPOINT WARNING * * *
Okay, then.
You barely miss the orc wizard.
The orc wizard is severely wounded.
The orc wizard gestures at you while chanting.
The puff of frost hits you!
* * * LOW HITPOINT WARNING * * *
The gnoll hits you but does no damage.
The orc wizard hits you but does no damage.
The gnoll hits you from afar with a spear.
* * * LOW HITPOINT WARNING * * *
The orc wizard begins to cast a cantrip, but forgets the words!
Okay, then.
Aiming: Random Effects
Press: ? - help, Shift-Dir - straight line, f - you The mass of ice explodes!
The iceblast engulfs you!
You die...

#...## ....# #..
#....##......#
#..
##...##......#
#...#
#...##(.....#
.######
#...##......#
#...... #....#
.... .......
#....###'# #
#.#####
##'#...go#####.#
#....##ggo@...#
####'##.#####.#
# .g?..# #
#.....# #.....#
#.....# #.....#
#######


You could see an orc wizard, 3 gnolls and an orc.

Vanquished Creatures
  Sigmund (D:2)
  An ogre (D:4)
  A centaur skeleton (D:4)
  Ijyb (D:3)
  An iguana (D:4)
  Natasha (D:2)
  Terence (D:3)
  Robin (D:3)
  A gnoll (D:4)
  3 adders
  An ooze (D:4)
  A worm (D:3)
  2 dart slugs
  4 orcs
  2 ball pythons
  2 bats
  2 giant cockroaches
  14 goblins
  2 hobgoblins (D:3)
  9 jackals
  6 kobolds
  11 rats
  A plant (D:1)
69 creatures vanquished.

Vanquished Creatures (others)
  5 dream sheep (D:3)
5 creatures vanquished.

Grand Total: 74 creatures vanquished

Notes
Turn   | Place    | Note
-------+----------+-------------------------------------------
     0 | Abyss:1  | wew123314 the Minotaur Abyssal Knight began the quest for
                  | the Orb.
     0 | Abyss:1  | Reached XP level 1. HP: 19/19 MP: 1/1
   109 | Abyss:1  | Noticed a hellion
   112 | D:1      | Escaped the Abyss
   335 | D:1      | Reached skill level 4 in Fighting
   342 | D:1      | Reached * piety under Lugonu
   345 | D:1      | Reached XP level 2. HP: 27/27 MP: 2/2
   885 | D:1      | You fall through a shaft!
  1009 | D:2      | Reached XP level 3. HP: 33/34 MP: 3/3
  1040 | D:2      | Noticed Sigmund
  1053 | D:2      | Killed Sigmund
  1053 | D:2      | Reached skill level 5 in Fighting
  1053 | D:2      | Reached skill level 1 in Maces & Flails
  1053 | D:2      | Reached XP level 4. HP: 3/44 MP: 4/4
  1053 | D:2      | Reached XP level 5. HP: 4/50 MP: 5/5
  1203 | D:2      | Found a stormy altar of Qazlal.
  1490 | D:2      | Noticed Natasha
  1492 | D:2      | Killed Natasha
  1549 | D:3      | Found a glowing golden altar of the Shining One.
  1549 | D:3      | Found a blossoming altar of Fedhas.
  1564 | D:3      | Noticed Ijyb
  1572 | D:3      | Killed Ijyb
  1628 | D:3      | Reached skill level 6 in Fighting
  1628 | D:3      | Reached XP level 6. HP: 48/57 MP: 6/6
  1700 | D:3      | Noticed a dream sheep
  1700 | D:3      | Noticed a dream sheep
  1700 | D:3      | Noticed a dream sheep
  1700 | D:3      | Noticed a dream sheep
  1700 | D:3      | Noticed a dream sheep
  1700 | D:3      | Found a shimmering altar of Xom.
  1706 | D:3      | Killed a dream sheep
  1706 | D:3      | Killed a dream sheep
  1707 | D:3      | Killed a dream sheep
  1707 | D:3      | Killed a dream sheep
  1708 | D:3      | Killed a dream sheep
  1881 | D:3      | Noticed Robin
  1887 | D:3      | Killed Robin
  1887 | D:3      | Reached ** piety under Lugonu
  1920 | D:3      | Gained mutation: Armour fits poorly on your strangely
                  | shaped body. [potion of mutation]
  1920 | D:3      | Gained mutation: Your magical capacity is low. (-10% MP)
                  | [potion of mutation]
  1920 | D:3      | Gained mutation: You tend to lose your temper in combat.
                  | [potion of mutation]
  1920 | D:3      | Gained mutation: You are somewhat resistant to further
                  | mutation. [potion of mutation]
  2120 | D:3      | Noticed Terence
  2132 | D:3      | Killed Terence
  2276 | D:3      | Found a snail-covered altar of Cheibriados.
  2365 | D:4      | Reached skill level 5 in Armour
  2502 | D:4      | HP: 1/58 [gnoll/spear (4)]
  2503 | D:4      | Shot themself with an iceblast

Skill      XL: |  1  2  3  4  5  6 |
---------------+-------------------+-----
Fighting       | 4 5 6 |  6.4
Armour         | 3 4 5 |  5.2
Maces & Flails | 1 2 |  2.0
Invocations    | 2 |  2.2
Dodging        | 2 |  2.4
Polearms       | 2 |  2.2
Axes           | |  2.6
Stealth        | |  0.6

Action                   |  1- 3 |  4- 6 || total
-------------------------+-------+-------++-------
Melee: Hand axe          |   142 |       ||   142
       Headbutt          |    49 |    23 ||    72
       Mace              |    18 |     1 ||    19
       Scythe            |       |   117 ||   117
Invok: Depart the Abyss  |     1 |       ||     1
  Use: Scroll            |     3 |     5 ||     8
       Potion            |     4 |     6 ||    10
  Eat: Ration            |       |     2 ||     2
Armor: Leather armour    |     5 |       ||     5
       Ring mail         |    16 |     2 ||    18
       Chain mail        |       |   151 ||   151
Dodge: Dodged            |    30 |   106 ||   136
